AoeStats
← CrazyBen

Lombardia

507322578Analyzed
4v4 RM · 14d ago on Sep 17, 2026· 22m 34s· 8 players
Game mode
Random Map
Map size
Large (8 player)
Population
200
Speed
Normal
Resources
Standard
Victory
Conquest
Starting age
Dark Age
Ending age
Imperial Age
RankedLock teamsTeams togetherTeam positionsShared explorationLock speedFull tech treeHidden civsTurbo modeCheats
Victory
Defeat
🇲🇾 Malians · Malaysia
1859
+9
🇫🇷 Goths · France
1808
+11
🇹🇼 Japanese · Taiwan
1764
+13
🇫🇷 Bohemians · France
1727
+14
🇹🇷 Ethiopians · Türkiye
1875
-18
🇩🇪 Burgundians · Germany
1859
-17
🇺🇸 Portuguese · United States
1530
-6
🇫🇷 Bengalis · France
1502
-6
Djo
3:17 Loom
11:30 Feudal Age
15:16 Castle Age
13:59 Horse Collar
14:06 Double-Bit Axe
17:50 Chemistry
22:22 Fervor
23:19 Bow Saw
=)Svanhilde
6:57 Loom
12:25 Feudal Age
13:03 Double-Bit Axe
16:11 Castle Age
14:34 Horse Collar
14:46 Gold Mining
16:38 Wheelbarrow
17:05 Bow Saw
17:51 Fletching
20:29 Heavy Plow
21:50 Bodkin Arrow
[TNT] TW_RED
7:52 Loom
10:14 Feudal Age
11:40 Double-Bit Axe
11:35 Horse Collar
18:43 Castle Age
17:36 Gold Mining
19:06 Fletching
19:39 Bow Saw
20:10 Wheelbarrow
22:25 Heavy Plow
B3rserk
7:09 Loom
11:53 Feudal Age
15:39 Castle Age
14:00 Double-Bit Axe
14:07 Horse Collar
hoffypianoman
6:44 Loom
9:13 Feudal Age
9:54 Double-Bit Axe
13:02 Horse Collar
19:24 Castle Age
17:45 Fletching
19:05 Gold Mining
19:54 Wheelbarrow
20:01 Bodkin Arrow
19:27 Crossbowman
21:20 Bow Saw
22:49 Padded Archer Armor
Honda
10:41 Feudal Age
14:27 Castle Age
12:21 Double-Bit Axe
12:46 Horse Collar
15:22 Bow Saw
16:10 Heavy Plow
20:28 Fletching
21:13 Gold Mining
CrazyBen
3:53 Loom
4:00 Loom
17:34 Feudal Age
17:49 Man-at-Arms
18:15 Arson
19:58 Scale Mail Armor
21:35 Fletching
Jan Itor
3:34 Double-Bit Axe
6:11 Loom
8:50 Feudal Age
10:05 Bow Saw
10:57 Horse Collar
11:34 Heavy Plow
18:00 Castle Age
21:22 Wheelbarrow
Connection lost

Rejoining the realm…

Still unreachable

The connection could not be restored.

Session expired

The server has moved on; the page needs a fresh start.